 Dungeon Crawl Stone Soup version 0.23.1 (webtiles) character file.

Game seed: 12900130906412361474

145 Borgoz the Skirmisher (level 5, -2/46 HPs)
             Began as a Ghoul Monk on Mar 18, 2019.
             Slain by a gnoll
             ... wielding a +0 halberd
              (7 damage)
             ... on level 3 of the Dungeon.
             The game lasted 00:03:35 (1861 turns).

Borgoz the Skirmisher (Ghoul Monk)                  Turns: 1861, Time: 00:03:36

Health: -2/46      AC:  2    Str: 15    XL:     5   Next: 27%
Magic:  4/4        EV: 13    Int:  5    God:
Gold:   86         SH:  0    Dex: 12    Spells: 4/4 levels left

rFire    . . .     SeeInvis .   a - +3 dagger (venom)
rCold    + . .     Gourm    .   (no shield)
rNeg     + + +     Faith    .   e - +0 robe
rPois    ∞         Spirit   .   (no helmet)
rElec    .         Reflect  .   h - scarf {repulsion}
rCorr    .         Harm     .   (no gloves)
MR       .....                  (no boots)
Stlth    ++........             k - amulet of the acrobat
HPRegen  0.00/turn              (no ring)
MPRegen  0.09/turn              (no ring)

@: rotting, repel missiles
A: rotting body, claws 1, carnivore, cold resistance 1, negative energy
resistance 3, inhibited regeneration, torment resistance, unbreathing
a: no special abilities


You were on level 3 of the Dungeon.
You were not hungry.

You visited 1 branch of the dungeon, and saw 3 of its levels.

You collected 86 gold pieces.

Inventory:

Hand Weapons
 a - a +3 dagger of venom (weapon)
 b - a +2 dagger of draining
Missiles
 p - 7 javelins (quivered)
Armour
 e - a +0 robe (worn)
 h - a scarf of repulsion (worn)
Jewellery
 k - an amulet of the acrobat (around neck)
Scrolls
 d - 7 scrolls of identify {unknown}
 i - 2 scrolls of random uselessness {unknown}
 j - 2 scrolls of immolation {unknown}
 l - 2 scrolls of remove curse {unknown}
 m - a scroll of teleportation {unknown}
 n - a scroll of fog {unknown}
Potions
 f - 2 potions of agility {unknown}
 g - a potion of curing {unknown}
Comestibles
 c - 4 rations


   Skills:
 + Level 3.7 Fighting
 * Level 3.4 Short Blades
 * Level 2.0 Armour
 * Level 3.6 Dodging
 + Level 2.9 Stealth


You had 4 spell levels left.
You didn't know any spells.
Your spell library was empty.

Dungeon Overview and Level Annotations

Branches:
Dungeon (3/15)

Altars:
Trog
Zin

Shops:
D:2 *


Innate Abilities, Weirdness & Mutations

Your body is rotting away.
You thrive on raw meat.
You are immune to poison.
You have sharp fingernails.
You are carnivorous and can eat meat at any time.
Your flesh is cold resistant. (rC+)
You are immune to negative energy. (rN+++)
You do not regenerate when monsters are visible.
You are immune to unholy pain and torment.
You can survive without breathing.


Message History

You closely miss the gnoll. The gnoll hits you but does no damage.
The gnoll hits you with a +0 spear.
* * * LOW HITPOINT WARNING * * *
You hit the gnoll.
The gnoll is poisoned.
The gnoll is moderately wounded.
The gnoll hits you.
* * * LOW HITPOINT WARNING * * *
Eat a chunk of flesh? (ye/n/q)
You eat the chunk of flesh.
This raw flesh tastes great!
The gnoll hits you with a +0 spear!
* * * LOW HITPOINT WARNING * * *
The gnoll barely misses you. x2
Okay, then.
You hit the gnoll.
You kill the gnoll!
Your Armour skill increases to level 2!
The gnoll hits you.
* * * LOW HITPOINT WARNING * * *
The gnoll hits you from afar with a +0 halberd!
You die...

#. ####### #.
#.....# #.
#.###.# #.
#..<#.# #.
#####.# #.
#.....#
#)###.#####.
#>@.........#
#..g#.......#
#..g#....[..#
#...#...(...#
#...##......#
#...# ####...
#...# ###
#...#


You could see 2 gnolls.

Vanquished Creatures
  An iguana (D:2)
  3 adders (D:2)
  2 gnolls (D:3)
  An ooze (D:2)
  A worm (D:2)
  2 dart slugs
  7 bats
  A giant cockroach (D:1)
  12 goblins
  10 hobgoblins
  2 jackals (D:2)
  8 kobolds
  A ball python (D:2)
  3 frilled lizards
  7 rats
61 creatures vanquished.

Notes
Turn   | Place    | Note
-------+----------+-------------------------------------------
     0 | D:1      | Borgoz the Ghoul Monk began the quest for the Orb.
     0 | D:1      | Reached XP level 1. HP: 19/19 MP: 0/0
    73 | D:1      | Reached XP level 2. HP: 9/26 MP: 1/1
   473 | D:1      | Reached XP level 3. HP: 29/31 MP: 2/2
   523 | D:1      | Reached skill level 1 in Armour
  1322 | D:2      | Found Zin's Purification Station.
  1324 | D:2      | Found a glowing silver altar of Zin.
  1384 | D:2      | Reached XP level 4. HP: 16/38 MP: 3/3
  1614 | D:2      | Found a bloodstained altar of Trog.
  1644 | D:2      | Reached XP level 5. HP: 43/46 MP: 4/4
  1861 | D:3      | Slain by a gnoll

Skill      XL: |  1  2  3  4  5 |
---------------+----------------+-----
Short Blades   | 3 |  3.4
Dodging        | 3 |  3.6
Armour         | 1 2 |  2.0
Fighting       | |  3.7
Stealth        | |  2.9

Action                   |  1- 3 |  4- 6 || total
-------------------------+-------+-------++-------
Melee: Short sword       |    22 |       ||    22
       Dagger            |    91 |    42 ||   133
 Stab: Sleeping          |     1 |     6 ||     7
  Eat: Chunk             |     2 |     7 ||     9
Armor: Robe              |    10 |     5 ||    15
Dodge: Dodged            |    67 |    26 ||    93
       Deflected         |       |     1 ||     1
